AoeStats
← Kez

Oasis

508937515Analyzed
2v2 RM · 7d ago on Sep 24, 2026· 66m 8s· 4 players
Game mode
Random Map
Map size
Medium (4 player)
Population
200
Speed
Normal
Resources
Standard
Victory
Conquest
Starting age
Dark Age
Ending age
Imperial Age
RankedLock teamsTeams togetherTeam positionsShared explorationLock speedFull tech treeHidden civsTurbo modeCheats
Victory
Defeat
🇫🇷 Portuguese · France
1302
+13
🇫🇷 Magyars · France
1288
+14
🇧🇪 Saxons · Belgium
1253
-14
🇳🇱 Teutons · Netherlands
1228
-13
Frédéric Baybars
8:00 Loom
10:19 Feudal Age
10:37 Man-at-Arms
11:25 Double-Bit Axe
22:26 Castle Age
20:26 Gold Mining
20:58 Horse Collar
22:26 Scale Mail Armor
23:26 Bow Saw
23:12 Stone Mining
24:35 Chain Mail Armor
25:03 Forging
32:19 Imperial Age
34:10 Fletching
34:52 Plate Mail Armor
35:02 Bodkin Arrow
37:29 Gold Shaft Mining
38:37 Block Printing
38:32 Redemption
39:58 Iron Casting
42:07 Bracer
42:14 Pikeman
43:53 Squires
43:57 Halberdier
48:17 Elite Varangian Guard
48:34 Elite Varangian Guard
55:28 Conscription
55:53 Arson
61:08 Gambesons
62:40 Siege Engineers
65:33 Caravan
Kez
7:15 Loom
10:02 Feudal Age
14:07 Double-Bit Axe
18:24 Horse Collar
22:25 Castle Age
21:30 Stone Mining
24:08 Padded Archer Armor
25:29 Gold Mining
25:41 Heavy Plow
25:58 Fletching
26:46 Elite Skirmisher
34:53 Wheelbarrow
37:12 Imperial Age
35:26 Town Watch
35:44 Bodkin Arrow
35:55 Scale Barding Armor
36:56 Bow Saw
37:59 Bloodlines
37:58 Cavalier
39:20 Ballistics
40:10 Conscription
40:21 Hand Cart
45:13 Crop Rotation
46:08 Chemistry
45:20 Masonry
45:15 Siege Engineers
47:57 Paladin
53:22 Leather Archer Armor
54:33 Stone Shaft Mining
54:26 Chain Barding Armor
54:37 Ring Archer Armor
54:18 Forging
55:14 Two-Man Saw
56:31 Plate Barding Armor
58:08 Coinage
59:53 Banking
60:32 Iron Casting
Cranve
8:03 Loom
10:21 Feudal Age
11:13 Double-Bit Axe
14:26 Town Watch
17:57 Fletching
22:01 Castle Age
20:46 Gold Mining
23:25 Horse Collar
25:44 Bodkin Arrow
31:22 Bow Saw
32:25 Light Cavalry
33:15 Bloodlines
33:16 Scale Barding Armor
36:16 Wheelbarrow
39:19 Imperial Age
37:25 Husbandry
40:15 Chain Barding Armor
39:21 Cavalier
41:13 Conscription
42:44 Heavy Plow
43:52 Hoardings
43:57 Hussar
45:45 Masonry
46:36 Chemistry
48:51 Parthian Tactics
49:11 Bracer
51:03 Plate Barding Armor
51:17 Padded Archer Armor
52:05 Ballistics
51:26 Treadmill Crane
53:59 Leather Archer Armor
53:46 Scale Mail Armor
53:50 Corvinian Army
54:12 Thumb Ring
56:12 Two-Man Saw
56:36 Chain Mail Armor
56:51 Ring Archer Armor
56:31 Heavy Cavalry Archer
60:58 Caravan
61:44 Murder Holes
64:49 Recurve Bow
Jean-Paul Golmondo
8:43 Loom
11:01 Feudal Age
14:06 Double-Bit Axe
20:21 Castle Age
18:56 Horse Collar
20:11 Fletching
21:34 Bodkin Arrow
23:44 Wheelbarrow
22:57 Town Watch
23:24 Bow Saw
25:11 Heavy Plow
26:26 Wheelbarrow
28:57 Gold Mining
30:49 Hand Cart
30:53 Padded Archer Armor
36:59 Imperial Age
36:43 Leather Archer Armor
36:41 Thumb Ring
38:47 Chemistry
40:23 Two-Man Saw
40:11 Scale Barding Armor
41:48 Bracer
42:30 Siege Engineers
42:03 Pikeman
43:32 Ballistics
43:57 Halberdier
45:02 Masonry
46:20 Scale Mail Armor
48:00 Bloodlines
48:14 Chain Barding Armor
49:23 Arquebus
49:44 Conscription
50:20 Husbandry
49:43 Cavalier
50:51 Stone Mining
53:25 Gambesons
53:26 Arson
55:03 Chain Mail Armor
56:04 Plate Barding Armor
56:10 Plate Mail Armor
56:02 Fortified Wall
57:22 Forging
58:25 Caravan
60:28 Architecture
60:22 Bombard Tower
61:25 Iron Casting
62:51 Blast Furnace
63:27 Onager
66:46 Ring Archer Armor
Connection lost

Rejoining the realm…

Still unreachable

The connection could not be restored.

Session expired

The server has moved on; the page needs a fresh start.